 Dungeon Crawl Stone Soup version 0.23-a0-844-gdc03e01 (webtiles) character file.

952 Lanoc the Slasher (level 8, -2/73 HPs)
             Began as a Naga Fighter on Jan 26, 2019.
             Was a Follower of Zin.
             Slain by an orc warrior
             ... wielding a +0 trident
              (4 damage)
             ... on level 6 of the Dungeon.
             The game lasted 00:15:30 (5159 turns).

Lanoc the Slasher (Naga Fighter)                    Turns: 5159, Time: 00:15:32

Health: -2/73      AC:  8    Str: 26      XL:     8   Next: 13%
Magic:  8/8        EV: 11    Int:  8      God:    Zin [*.....]
Gold:   248        SH:  9    Dex: 12 (16) Spells: 7/7 levels left

rFire    . . .     SeeInvis +   a - +0 long sword
rCold    . . .     Gourm    .   c - +0 shield
rNeg     + . .     Faith    .   l - +0 chain mail {rN+}
rPois    +         Spirit   .   (no helmet)
rElec    .         Reflect  .   (no cloak)
rCorr    .         Harm     .   (no gloves)
MR       +....                  (no barding)
Stlth    ..........             o - amulet of rage
HPRegen  0.22/turn              r - ring of flight
MPRegen  0.11/turn              (no ring)

@: mighty, agile, lethally poisoned (-2 -> -3), berserk cooldown, slowed, very
slow
A: large, see invisible, deformed body, poison resistance, slowness 2, slow
metabolism 1, spit poison 1, AC +2
a: Spit Poison, Recite, Donate Gold, Renounce Religion, Evoke Berserk Rage,
Evoke Flight


You were on level 6 of the Dungeon.
You worshipped Zin.
Zin was aware of your devotion.
You were near starving.

You visited 2 branches of the dungeon, and saw 7 of its levels.

You collected 275 gold pieces.
You donated 27 gold pieces to Zin.

Inventory:

Hand Weapons
 a - a +0 long sword (weapon)
Armour
 c - a +0 shield (worn)
 l - a +0 chain mail of positive energy (worn)
Jewellery
 o - an amulet of rage (around neck)
 r - a ring of flight (left hand)
Wands
 w - a wand of scattershot (7)
Scrolls
 h - 3 scrolls of remove curse
 j - 3 scrolls of teleportation {unknown}
 k - 2 scrolls of enchant armour {unknown}
 m - a scroll of enchant weapon {unknown}
 n - a scroll of immolation {unknown}
 p - a scroll of magic mapping {unknown}
 q - a scroll of fog
 s - 2 scrolls of amnesia
 u - a scroll of blinking
Potions
 d - 2 potions of might
 e - a potion of flight
 i - a potion of brilliance
 t - a potion of agility
 v - a potion of resistance
Comestibles
 f - 6 rations


   Skills:
 + Level 4.6 Fighting
 * Level 5.6 Long Blades
 + Level 3.8 Armour
 * Level 4.1 Dodging
 - Level 2.4 Shields


You had 7 spell levels left.
You didn't know any spells.
Your spell library contained the following spells:

 Spells                   Type           Power        Failure   Level  Hunger
 Airstrike                Air            #.........   100%        4    #####..
 Silence                  Hex/Air        #.........   100%        5    ######.


Dungeon Overview and Level Annotations

Branches:
Dungeon (6/15)             Temple (1/1) D:6

Altars:
Ashenzari
Elyvilon
Fedhas
Gozag
Hepliaklqana
Makhleb
Nemelex Xobeh
Okawaru
Qazlal
Ru
Sif Muna
Trog
Vehumet
Xom
Yredelemnul
Zin
The Shining One

Shops:
D:5 %

Annotations:
D:3 Terence


Innate Abilities, Weirdness & Mutations

You cannot wear boots.
Your serpentine skin is tough. (AC +2)
You have supernaturally acute eyesight. (SInv)
Armour fits poorly on your strangely shaped body.
Your system is resistant to poisons. (rPois)
You cover ground very slowly.
You have a slow metabolism.
You can spit poison.


Message History

The orc is smitten by the wrath of Zin.
You kill the orc!
You hear a shout!
You block the adder's attack. You block the orc warrior's attack.
You block the orc's attack. The orc hits you but does no damage. x2
The adder bites you but does no damage. The orc warrior closely misses you.
You slash the orc!
You kill the orc! "...shall be swift and harsh!"
The orc is confused by your recitation.
The shadow imp stumbles about in disarray.
You finish reciting Ablutions 17:55.
You feel sick. The orc hits you with a +0 mace.
* * * LOW HITPOINT WARNING * * *
The orc hits you with a +0 whip. Zin protects you from harm!
The adder misses you.
You riposte.
You miss the adder. You block the orc's attack.
The shadow imp barely misses the orc.
The orc warrior hits you from afar with a +0 trident.
You die...

...... ......
......#+###+###
..............#
..............#
..............#
........o.....##
#########o#......#
#.......S@#......#
#.......oo#......#
#...(..o.5#......+
##+###5.###......#
................###
........#.#.....#
.......#.#.#....# #
#......#.#.#.#...#
#####........#.>.#....#


You could see an orc warrior, a crimson imp, an adder, a shadow imp (confused)
and 4 orcs.

Vanquished Creatures
  Edmund (D:5)
  A centaur (D:6)
  2 scorpions
  A quasit (D:6)
  A hound (D:4)
  5 orc priests
  2 orc wizards
  2 bullfrog skeletons (D:4)
  2 iguanas
  2 worker ants
  2 hound skeletons (D:4)
  7 adders
  A gnoll (D:1)
  A howler monkey skeleton (D:4)
  A shadow imp (D:6)
  An adder zombie (D:6)
  An adder skeleton (D:4)
  A worm (D:4)
  3 dart slugs
  4 leopard geckos
  16 orcs
  2 ball pythons
  4 bats
  9 giant cockroaches
  7 goblins
  8 hobgoblins
  2 jackals (D:4)
  4 quokkas
  7 frilled lizards
  A jackal skeleton (D:6)
  8 kobolds
  A leopard gecko skeleton (D:4)
  9 rats
119 creatures vanquished.

Notes
Turn   | Place    | Note
-------+----------+-------------------------------------------
     0 | D:1      | Lanoc the Naga Fighter began the quest for the Orb.
     0 | D:1      | Reached XP level 1. HP: 21/21 MP: 1/1
   167 | D:1      | Reached XP level 2. HP: 21/28 MP: 2/2
   512 | D:1      | Reached skill level 1 in Dodging
   512 | D:1      | Reached XP level 3. HP: 34/34 MP: 3/3
  1177 | D:2      | Reached XP level 4. HP: 41/42 MP: 4/4
  1226 | D:2      | Found a faded altar of an unknown god.
  1239 | D:2      | Became a worshipper of Ru the Awakened
  1676 | D:3      | Reached skill level 3 in Long Blades
  2044 | D:3      | Noticed Terence
  2069 | D:3      | Reached XP level 5. HP: 31/49 MP: 5/5
  2203 | D:3      | Found a sparkling altar of Nemelex Xobeh.
  2646 | D:4      | Reached XP level 6. HP: 53/57 MP: 6/6
  2656 | D:4      | Reached skill level 4 in Long Blades
  3011 | D:4      | Identified the Almanac of Feathers
  3306 | D:4      | Reached XP level 7. HP: 37/64 MP: 7/7
  4043 | D:5      | Entered Level 5 of the Dungeon
  4049 | D:5      | Found Orghuw's Food Shop.
  4062 | D:5      | Noticed Edmund
  4075 | D:5      | Killed Edmund
  4075 | D:5      | Reached skill level 5 in Long Blades
  4617 | D:6      | Found a burning altar of Makhleb.
  4811 | D:6      | Found a staircase to the Ecumenical Temple.
  4820 | Temple   | Entered the Ecumenical Temple
  5086 | Temple   | Fell from the grace of Ru
  5086 | Temple   | Became a worshipper of Zin the Law-Giver
  5086 | Temple   | Reached * piety under Zin
  5148 | D:6      | Reached XP level 8. HP: 57/73 MP: 8/8
  5157 | D:6      | HP: 3/73 [orc/+0 hand axe (2)]
  5159 | D:6      | Zin protects you from harm!
  5159 | D:6      | Slain by an orc warrior

Vault maps used:
D:1:      lemuel_arrival_rhombus, ebering_dispersal_statue_hall, st_stairs_10
D:2:      chequers_ecumenical_altar_grove
D:3:      lemuel_round_altar, first_ration, bh_walls_and_bars, uniq_terence
D:4:      minmay_octagon_keep
D:5:      serial_shops, shop, uniq_edmund
D:6:      gammafunk_temple_overflow_pools, minmay_temple_entry_grid, basic_altar
Temple:   eino_temple_scatter_basement

Skill      XL: |  1  2  3  4  5  6  7 |
---------------+----------------------+-----
Dodging        | 1 2 3 4 |  4.1
Long Blades    | 3 4 5 |  5.6
Armour         | 3 |  3.8
Fighting       | 4 |  4.6
Shields        | |  2.4

Action                   |  1- 3 |  4- 6 |  7- 9 || total
-------------------------+-------+-------+-------++-------
Melee: Long sword        |   101 |   209 |   147 ||   457
Invok: Recite            |       |       |     1 ||     1
 Abil: Spit Poison       |     1 |     2 |     4 ||     7
       Evoke Berserk Rag |       |     1 |     3 ||     4
  Use: Scroll            |       |     9 |     3 ||    12
       Potion            |       |     4 |     3 ||     7
  Eat: Ration            |       |     1 |       ||     1
       Chunk             |       |     3 |     8 ||    11
Armor: Scale mail        |    42 |    84 |    11 ||   137
       Chain mail        |       |       |    97 ||    97
Dodge: Dodged            |    20 |    57 |    58 ||   135
Block: Shield            |    47 |   109 |   115 ||   271
       Rpst.: Long sword |     6 |    19 |    17 ||    42

Table legend:
 A = Non-vault XP
 B = Vault XP
 C = Vault XP percentage of total XP
 D = Non-vault monster count
 E = Vault monster count
 F = Vault count percentage of total count
                 A         B        C        D         E       F
            +---------+---------+-------+---------+---------+-------
      Total |     985 |     375 |  27.6 |     106 |      13 |  10.9
            +---------+---------+-------+---------+---------+-------
        D:1 |      49 |       4 |   7.5 |      19 |       3 |  13.6
        D:2 |      36 |       0 |   0.0 |      16 |       0 |   0.0
        D:3 |     117 |       0 |   0.0 |      23 |       0 |   0.0
        D:4 |     343 |     218 |  38.9 |      24 |       9 |  27.3
        D:5 |      89 |     153 |  63.2 |       7 |       1 |  12.5
        D:6 |     314 |       0 |   0.0 |      16 |       0 |   0.0
     Temple |      37 |       0 |   0.0 |       1 |       0 |   0.0
            +---------+---------+-------+---------+---------+-------
